AoeStats
← sebastianbel43

Four Lakes

507978088Analyzed
1v1 RM · 12d ago on Sep 20, 2026· 41m 51s· 2 players
Game mode
Random Map
Map size
Tiny (2 player)
Population
200
Speed
Normal
Resources
Standard
Victory
Conquest
Starting age
Dark Age
Ending age
Imperial Age
RankedLock teamsTeams togetherTeam positionsShared explorationLock speedFull tech treeHidden civsTurbo modeCheats
Victory
Defeat
🇨🇭 Bohemians · Switzerland
749
+15
🇨🇴 Japanese · Colombia
726
-15
sebastianbel43
4:49 Loom
9:26 Feudal Age
10:14 Double-Bit Axe
10:12 Horse Collar
15:11 Gold Mining
17:02 Wheelbarrow
16:39 Town Watch
22:07 Castle Age
22:05 Scale Mail Armor
22:16 Forging
22:23 Pikeman
24:26 Iron Casting
24:06 Chain Mail Armor
24:18 Squires
29:21 Chain Mail Armor
28:58 Fletching
29:08 Padded Archer Armor
32:05 Bodkin Arrow
32:26 Leather Archer Armor
38:23 Imperial Age
37:24 Bow Saw
37:47 Heavy Plow
♚ ♠ Rikito ♥ ♛
14:22 Feudal Age
18:24 Castle Age
18:20 Scale Barding Armor
21:43 Husbandry
21:50 Double-Bit Axe
22:46 Chain Barding Armor
22:58 Loom
24:15 Forging
25:43 Iron Casting
28:55 Padded Archer Armor
29:25 Bow Saw
30:22 Chemistry
32:15 Wheelbarrow
32:03 Leather Archer Armor
38:36 Imperial Age
40:50 Blast Furnace
40:26 Ring Archer Armor
40:32 Light Cavalry
Connection lost

Rejoining the realm…

Still unreachable

The connection could not be restored.

Session expired

The server has moved on; the page needs a fresh start.